Map: Rifts to Korhal

Players

NimNamNumse

  • Race: Terran Terran
  • Spawn Location: 7:00

NamroodTuo

  • Race: Zerg Zerg

VOD

Have the link to the VOD?

Description

Time

  • Played on: June 17, 2023, 12:33 p.m.
  • Length: 21:05
Show
View Real Time Build Order
Export as new Build Order

NimNamNumse Terran 

Build Orders:  

Get SALT Encoding   

  12  3:54  SCV  
  13  4:08  SCV  
  14  4:21  SCV  
  15  4:49  Supply Depot  
  15  5:18  SCV  
  16  5:22  Supply Depot  
  16  5:32  SCV  
  17  5:46  SCV  
  18  5:52  Supply Depot  
  18  5:59  SCV  
  19  6:13  SCV  
  19  6:18  Refinery  
  20  6:23  Refinery  
  20  6:25  Supply Depot  
  20  6:26  SCV  
  21  6:40  SCV  
  22  6:53  SCV  
  23  7:05  Supply Depot  
  23  7:07  SCV  
  24  7:21  SCV  
  25  7:34  SCV  
  25  7:37  Factory  
  25  7:38  Supply Depot  
  26  7:48  SCV  
  27  8:01  SCV  
  27  8:09  Supply Depot  
  28  8:40  Supply Depot  
  28  8:55  Armory  
  28  9:37  SCV  
  29  9:50  SCV  
  30  16:41  Upgrade Laser Drill Level 1  
Show
View Real Time Build Order
Export as new Build Order

NamroodTuo Zerg 

Build Orders:  

Get SALT Encoding   

  12  0:04  Infested SCV  
  13  0:23  Infested SCV  
  13  0:26  Infested SCV  
  15  0:49  Infested Barracks  
  15  1:14  Overlord  
  15  1:17  Overlord  
  15  1:40  Infested SCV  
  15  1:48  Infested SCV  
  17  1:50  Infested SCV  
  17  1:52  Infestation Level 1  
  17  1:59  Infested Refinery  
  18  2:03  Infested SCV  
  18  2:05  Infested Refinery  
  19  2:18  Overlord  
  19  2:38  Infested Marine  
  19  2:39  Infested Marine x10  
  30  2:55  Infested Barracks Tech Lab  
  26  3:01  Infested SCV  
  26  3:02  Infested SCV x3  
  29  3:16  Infested SCV  
  30  4:06  Infested Bunker  
  30  4:07  Anaerobic Enhancement  
  34  4:18  Unknown  
  38  4:20  Retinal Augmentation  
  38  4:24  Infested Bunker  
  38  4:31  Infested Engineering Bay  
  32  4:59  Infested Factory  
  32  5:06  Infested Bunker  
  36  6:00  Overlord x5  
  36  6:10  Infested Armory  
  36  6:28  Infested Bunker  
  36  6:29  Infested Bunker  
  44  6:33  Infestation Level 2  
  44  6:36  Infested SCV x2  
  46  6:40  Infested Factory Tech Lab  
  46  6:42  Stukov Infantry Weapons Level 1  
  46  6:52  Infested Engineering Bay  
  50  7:45  Infested Bunker x2  
  50  7:49  Saturated Cultures  
  54  7:53  Infested SCV  
  54  7:59  Overlord  
  55  8:01  Infested SCV  
  56  8:23  Infested Bunker  
  60  8:31  Stukov Infantry Armor Level 1  
  60  8:39  Stukov Vehicle and Ship Weapons Level 1  
  60  8:49  Caustic Mucus  
  60  9:05  Infestation Level 3  
  60  9:22  Regenerative Plating  
  60  9:26  Infested SCV x2  
  60  9:27  Infested SCV, Infested Bunker  
  67  9:32  Aggressive Incubation  
  67  9:45  Overlord  
  67  9:50  Overlord  
  67  9:56  Plagued Munitions  
  67  10:19  Automated Mitosis  
  71  10:37  Infested Bunker  
  75  10:41  Infested Bunker  
  75  10:47  Infested Bunker  
  79  10:54  Stukov Infantry Weapons Level 2  
  79  11:05  Broodling Gestation  
  79  11:07  Infested SCV  
  79  11:08  Overlord  
  80  11:11  Calcified Armor  
  80  11:19  Acidic Enzymes  
  80  11:57  Infested Bunker  
  84  12:02  Infested Bunker  
  88  12:13  Infested Bunker  
  92  12:27  Stukov Infantry Armor Level 2  
  96  12:56  Infested Bunker  
  96  12:58  Overlord x5  
  100  13:02  Infested Bunker  
  100  13:33  Overlord x2  
  104  13:43  Infested Bunker  
  104  14:03  Overlord x2  
  104  14:12  Stukov Infantry Weapons Level 3  
  104  15:27  Overlord x4  
  104  15:28  Overlord  
  104  15:39  Infested Bunker  
  112  15:47  Infested Bunker  
  120  16:15  Infested Bunker  
  120  16:17  Infested Bunker  
  128  16:21  Stukov Infantry Armor Level 3  
  128  16:30  Infested Bunker  
  128  16:36  Infested Bunker  
  128  17:27  Infested Bunker  
  136  17:31  Infested Bunker  
  136  17:37  Infested Bunker  
  148  18:21  Infested Bunker  
  148  18:23  Infested Bunker  
  148  18:24  Infested Bunker  
  148  18:28  Infested Bunker  
  156  18:37  Infested Colonist Compound  
Tags
 
Commander
StukovSwann
Matchup
Co-op
Replay Pack
Multiplayer
Add a new tag
Caveats
  • Supply blocks, unpowered buildings, or Contaminate may cause inaccurate times.
  • Supply counts are checked every 10 seconds.